 Dungeon Crawl Stone Soup version 0.16.2-12-gd0ad4c3 (webtiles) character file.

101833 magipi the Severer (level 16, -15/133 (134) HPs)
             Began as a Ghoul Gladiator on Oct 21, 2015.
             Was the Champion of Makhleb.
             Killed from afar by a crystal guardian (27 damage)
             ... with a crystal bolt
             ... on level 14 of the Dungeon.
             The game lasted 03:06:23 (21763 turns).

magipi the Severer (Ghoul Gladiator)               Turns: 21763, Time: 03:06:23

HP:   -15/133 (134) AC: 24    Str: 21      XL:     16   Next: 31%
MP:   0/28          EV: 13    Int:  6 (9)  God:    Makhleb [******]
Gold: 1532          SH:  0    Dex: 12      Spells: 4 memorised, 4 levels left

rFire  . . .     SeeInvis +     a - +6 battleaxe (pain)
rCold  + + .     Clarity  .     A - +2 chain mail {rC+}
rNeg   + + +     SustAb   .     (no shield)
rPois  ∞         Gourm    .     V - +1 helmet {Int+3}
rElec  +         Spirit   +     K - +1 cloak
rCorr  .         Warding  .     F - +2 pair of gloves {Dex+3}
rMut   .         Stasis   .     p - +1 pair of boots
MR     ++...                    B - amulet of guardian spirit
Stlth  ..........               i - ring "Issupnel" {+Inv rElec rN++ MR+ Dex-2 SInv}
                                J - +4 ring of evasion

@: rotting, very resistant to hostile enchantments, extremely unstealthy
A: rotting body, claws 1, carnivore 3, cold resistance 1, negative energy
resistance 3, poison resistance, slow healing 1, torment resistance, unbreathing
a: Minor Destruction, Lesser Servant of Makhleb, Major Destruction, Greater
Servant of Makhleb, Renounce Religion, Evoke Invisibility


You were on level 14 of the Dungeon.
You worshipped Makhleb.
Makhleb was exalted by your worship.
You were not hungry.

You visited 4 branches of the dungeon, and saw 27 of its levels.
You also visited: Ossuary and Ice Cave.

You collected 2999 gold pieces.
You spent 1467 gold pieces at shops.

Inventory:

Hand weapons
 a - a +6 battleaxe of pain (weapon)
 b - a +4 blowgun
 j - a +0 battleaxe
 N - a +1 hand axe of electrocution
 P - the +2 war axe of Scorn {chop, rF+ rN+ Stlth+}
   (You found it on level 7 of the Lair of Beasts)

   It inflicts extra damage upon your enemies.
   It protects you from fire.
   It protects you from negative energy.
   It makes you more stealthy.
Missiles
 d - 3 throwing nets
 e - 2 tomahawks of returning (quivered)
 w - 76 poisoned needles
 y - 9 curare-tipped needles
Armour
 p - a +1 pair of boots (worn)
 A - a +2 chain mail of cold resistance (worn)
 F - a +2 pair of gloves of dexterity (worn)
 K - a +1 cloak (worn)
 V - a +1 helmet of intelligence (worn)
Jewellery
 c - an uncursed ring of protection from cold
 i - the ring "Issupnel" (right hand) {+Inv rElec rN++ MR+ Dex-2 SInv}
   (You found it on level 1 of the Lair of Beasts)

   [ring of protection from magic]

   It affects your dexterity (-2).
   It insulates you from electricity.
   It greatly protects you from negative energy.
   It affects your resistance to hostile enchantments.
   It enhances your eyesight.
   It lets you turn invisible.
 B - an amulet of guardian spirit (around neck)
 J - a +4 ring of evasion (left hand)
Magical devices
 g - a wand of digging (8)
 m - a wand of confusion (9)
 q - a wand of fire (2)
 u - a wand of slowing (11)
 C - a wand of invisibility (3)
 L - a wand of heal wounds (7)
 M - a wand of enslavement (13)
 O - a wand of disintegration (5)
 T - a wand of lightning (1)
 X - a wand of teleportation (4)
Scrolls
 f - 4 scrolls of remove curse
 k - a scroll of blinking
 o - 3 scrolls of noise
 D - 4 scrolls of fog
 E - 3 scrolls of recharging
 R - 2 scrolls of teleportation
Potions
 h - a potion of magic
 r - a potion of resistance
 s - 10 potions of curing
 t - 2 potions of heal wounds
 x - 3 potions of restore abilities
 z - a potion of flight
 G - 2 potions of haste
 S - 2 potions of agility
 Y - a potion of might
Books
 n - a book of Control

   Spells                             Type                      Level
   a - Control Teleport               Charms/Translocation         4
   b - Control Undead                 Necromancy                   4
   c - Enslavement                    Hexes                        4
   d - Metabolic Englaciation         Hexes/Ice                    5
   e - Mass Confusion                 Hexes                        6
 I - a book of Spatial Translocations

   Spells                             Type                      Level
   a - Apportation                    Translocation                1
   b - Blink                          Translocation                2
   c - Shroud of Golubria             Charms/Translocation         2
   d - Portal Projectile              Translocation                3
   e - Teleport Other                 Translocation                3
   f - Passage of Golubria            Translocation                4
Miscellaneous
 U - a phantom mirror
Comestibles
 l - 7 meat rations
 v - 14 royal jellies
 H - 3 beef jerkies
 Q - 2 chunks of flesh


   Skills:
 - Level 10.0 Fighting
 + Level 15.2 Axes
 - Level 2.1 Throwing
 - Level 10.1 Armour
 - Level 2.6 Dodging
 - Level 10.5 Necromancy
 + Level 6.1 Translocations
 - Level 10.0 Invocations
 - Level 11.2 Evocations


You had 4 spell levels left.
You knew the following spells:

 Your Spells              Type           Power        Failure   Level  Hunger
a - Apportation           Tloc           #.........   28%         1    ##.....
b - Blink                 Tloc           N/A          41%         2    ###....
c - Control Undead        Necr           ##........   43%         4    #####..
d - Control Teleport      Chrm/Tloc      #.........   100%        4    #####..


Dungeon Overview and Level Annotations

Branches:
Dungeon (14/15)            Temple (1/1) D:4            Lair (8/8) D:10
 Shoals (0/5) Lair:4       Spider (0/5) Lair:6        Slime (0/6) Lair:6
    Orc (4/4) D:11            Elf (0/3) Orc:4        Vaults (0/5) D:14

Altars:
Ashenzari
Cheibriados
Dithmenos
Elyvilon
Fedhas
Gozag
Kikubaaqudgha
Makhleb
Nemelex Xobeh
Okawaru
Qazlal
Ru
Sif Muna
Trog
Vehumet
Xom
Yredelemnul
Zin
The Shining One
Beogh
Jiyva

Shops:
D:6 (}*   D:13 [   Orc:1 *   Orc:3 !   Orc:4 *([:

Annotations:
D:4 Charly's ghost, weakling DDBe
D:12 exclusion: obsidian statue
Lair:3 Erica
Orc:2 O4 Stone giant


Innate Abilities, Weirdness & Mutations

Your body is rotting away.
You thrive on raw meat.
You have sharp fingernails.
You are carnivorous and can eat meat at any time.
Your flesh is cold resistant.
You are immune to negative energy.
Your system is resistant to poisons.
You heal slowly when monsters are visible.
You are immune to unholy pain and torment.
You can survive without breathing.

Vault maps used:
D:1:      dpeg_arrival_central, grunt_decor_mini_mirrors, minmay_fountain_box,
          minmay_gold_behind_fungi
D:2:      nicolae_overflow_hidden_temple, serial_bayou_pond_e
D:3:      cheibriados_altar_wand_db, elyvilon_altar_3,
          nicolae_overflow_crystal_walls, grunt_gozag_statues, first_bread
D:4:      minmay_temple_entry_poolview, lightli_ossuary_entry_decrepit_ruins,
          uniq_natasha
D:5:      nicolae_dithmenos_shadow_blocks, kennysheep_mini
D:6:      grunt_temple_overflow_open, lemuel_doored_altar, serial_shops,
          shop_fountains, shop_fountains, shop, serial_bayou_pond_d,
          minmay_misc_feat_pillars
D:7:      serial_corexii_hall, corexii_hall_statues_i, corexii_hall_statues_l,
          corexii_hall_statues_i
D:8:      hangedman_little_slice_of_home
D:10:     lair_0_dummy, minivault_5
D:11:     minmay_imperfect_grid, orc_0_dummy
D:12:     minmay_protected_statue
D:13:     serial_shops, shop
D:14:     evilmike_diamond_2, david_vaults_1, hex_intersection,
          portal_ice_cave_entry_ice_statue_02, uniq_sonja, uniq_rupert,
          uniq_kirke
Temple:   minmay_temple_curvy_8
Lair:2:   tgw_fedhas
Lair:3:   uniq_erica
Lair:4:   elwin_shoals_entry_rocks, serial_bayou_shore_b
Lair:5:   lab_entry_generic
Lair:6:   nicolae_spider_entry_orb_guardian, dpeg_slime_entry_enclosed_altar
Lair:7:   infiniplex_staircase_pool, serial_bayou_shore_b, grunt_megastairs_4,
          serial_bayou_shore_b
Lair:8:   evilmike_catoblepas_cave, grunt_megastairs_2
Orc:1:    minmay_goldmine, serial_shops, shop
Orc:2:    nicolae_orc_bridge_out, uniq_joseph
Orc:3:    serial_shops, shop, basic_altar, nicolae_orc_pool_cavern,
          minmay_orc_keep
Orc:4:    grunt_orc_cross, basic_altar, uniq_donald
Ossuary:  ossuary_tomb_2
IceCv:    ice_cave_caverns_01


Message History

Your Translocations skill increases to level 6!
You slash the griffon!
The griffon writhes in agony.
The griffon is almost dead.
You closely miss the tengu warrior.
The tengu warrior is lightly wounded.
The tengu warrior barely misses you. The tengu warrior closely misses you.
The tengu warrior claws you but does no damage.
Unknown command.
You slice the griffon!!
You kill the griffon!
Makhleb accepts your kill.
You hit the tengu warrior but do no damage.
The tengu warrior writhes in agony.
The tengu warrior is lightly wounded.
The yaktaur shoots a bolt.
The bolt hits you!
The tengu warrior hits you but does no damage.
The tengu warrior misses you. x2
You slice the tengu warrior!!
The tengu warrior writhes in agony.
The tengu warrior is heavily wounded.
The yaktaur shoots a bolt.
The bolt hits you but does no damage.
You slice the tengu warrior!!
The tengu warrior writhes in agony.
The tengu warrior is almost dead.
The tengu warrior misses you.
The tengu warrior pecks you but does no damage.
The tengu warrior closely misses you.
You slice the tengu warrior!!
You kill the tengu warrior!
Makhleb accepts your kill.
You feel a little better.
The yaktaur shoots a bolt.
The bolt hits you but does no damage.
You hit the hornet.
The hornet writhes in agony.
The hornet is moderately wounded.
The hornet stings you but does no damage.
The yaktaur shoots a bolt.
The bolt hits you!!
The hornet stings you but does no damage.
The crystal guardian hits you but does no damage.
You slice the yaktaur!!
The yaktaur writhes in agony.
The yaktaur is almost dead.
You hit the hornet.
The hornet writhes in agony.
The hornet is severely wounded.
You slash the crystal guardian!
The crystal guardian is heavily damaged.
The hornet stings you but does no damage.
The yaktaur unwields an uncursed arbalest.
The yaktaur completely misses you. The crystal guardian hits you!
The hornet stings you but does no damage.
You slash the yaktaur!
You kill the yaktaur!
Makhleb accepts your kill.
You feel a little better.
You slash the hornet!
The hornet writhes in agony.
You kill the hornet!
Makhleb accepts your kill.
You feel a little better.
You hit the crystal guardian but do no damage.
The crystal guardian is heavily damaged.
The crystal guardian fires a crystalline bolt at you.
The crystal bolt burns you! The crystal bolt misses you.
The crystal bolt burns the crystal guardian.
The crystal guardian completely resists.
You slash the crystal guardian!
The crystal guardian is severely damaged.
The crystal guardian hits you but does no damage.
You hit the crystal guardian.
The crystal guardian is severely damaged.
The crystal guardian glitters, brittle, in the dim dungeon light.
The crystal guardian fires a crystalline bolt at you.
The crystal bolt burns you! The crystal bolt misses you.
The crystal bolt burns the crystal guardian.
The crystal guardian completely resists.
You hit the crystal guardian.
The crystal guardian is severely damaged.
The crystal guardian fires a crystalline bolt at you.
The crystal bolt burns you! x2
The crystal bolt burns the crystal guardian.
The crystal guardian completely resists.
Unknown command.
You hit the crystal guardian but do no damage.
The crystal guardian is severely damaged.
You slice the manticore!!
The manticore writhes in agony.
The manticore is heavily wounded.
The crystal guardian hits you. The manticore closely misses you.
The manticore claws you but does no damage.
The manticore claws you!
* * * LOW HITPOINT WARNING * * *
You slash the crystal guardian!
The crystal guardian is almost destroyed.
You slash the manticore!
The manticore writhes in agony.
The manticore is severely wounded.
The manticore closely misses you. x2
The manticore misses you.
The crystal guardian hits you but does no damage.
Drink which item? (? for menu, Esc to quit)
You feel much better. The manticore bites you!
The manticore claws you but does no damage.
The manticore barely misses you.
The crystal guardian fires a crystalline bolt at you.
The crystal bolt burns you!
* * * LOW HITPOINT WARNING * * *
The crystal bolt burns you!
You die...

#..(......).#.##
##.#.....
#)(###.....#.##
##.#....
#.)##.....#.##.
##.#...
#.)#.....#.##..#
##.#..
#.......#.##..#..
##.#.
#......#.##..#....
##.#
#.....#.##..#.....
##.
#....#.##.)#...?..
##
#...#.##.@#)8...$..
#
#..#.#..H#8†.......
#...#...#)†...$.⌠.$
#..#.#...#........
#...#.##..#.....$.
#
#....#.##..#......
##
#.....#.##..#....
##.
#......#.##..#..
##.#
#...)...#.##.?#
##.#.


You could see a crystal guardian and a manticore.

Table legend:
 A = Kills in this place as a percentage of kills in entire the game.
 B = Kills by you in this place as a percentage of kills by you in the entire game.
 C = Kills by friends in this place as a percentage of kills by friends in the entire game.
 D = Other kills in this place as a percentage of other kills in the entire game.
 E = Experience gained in this place as a percentage of experience gained in the entire game.
 F = Experience gained in this place divided by the number of levels of this place that you have seen.
                   A       B       C       D       E      F
               +-------+-------+-------+-------+-------+----------------------
         Total | 100.0 | 100.0 | 100.0 |  -nan | 100.0 | 5016.4
       Dungeon |  46.7 |  46.5 | 100.0 |  -nan |  41.5 | 4314.8
          Lair |  22.2 |  22.3 |   0.0 |  -nan |  40.7 | 7400.6
  Orcish Mines |  26.0 |  26.1 |   0.0 |  -nan |  13.3 | 4819.2
       Ossuary |   2.7 |   2.7 |   0.0 |  -nan |   0.2 | 349.0
      Ice Cave |   2.4 |   2.4 |   0.0 |  -nan |   4.3 | 6238.0
               +-------+-------+-------+-------+-------+----------------------

Vanquished Creatures
  Kirke (D:14)
  Donald (Orc:3)
  An orc warlord (Orc:4)
  A stone giant (Orc:4)
  A fire dragon (D:14)
  4 hydras
  The ghost of Ijustatesigmund the Covert, a powerful OpWz of Cheibriados (D:13)
  3 catoblepae (Lair:8)
  20 death yaks
  3 centaur warriors
  2 orc high priests
  3 tengu warriors (D:14)
  5 skeletal warriors
  The ghost of Charly the Cleaver, an experienced DDBe of Trog (Orc:3)
  3 unseen horrors
  A lindwurm (D:14)
  2 ice statues (D:14)
  A necromancer (D:14)
  3 hill giants
  A wolf spider zombie (D:14)
  3 orc sorcerers (Orc:4)
  A cyclops (D:14)
  A wizard (D:14)
  3 orc knights (Orc:4)
  An orb spider (Lair:6)
  5 ugly things
  A hornet (shapeshifter) (D:14)
  2 griffons (D:14)
  6 black mambas
  Joseph (Orc:2)
  A gargoyle (D:12)
  2 centaur zombies
  9 elephants
  A torpor snail (Lair:3)
  7 kobold demonologists
  12 spiny frogs
  6 komodo dragons
  A freezing wraith (D:11)
  A yaktaur (D:14)
  5 trolls
  An efreet (D:14)
  10 polar bears
  A fire drake (Lair:7)
  Sonja (D:13)
  3 two-headed ogres
  5 ravens (D:14)
  A trapdoor spider zombie (D:11)
  A slime creature (D:14)
  2 basilisks
  15 blink frogs
  A wyvern (D:14)
  2 trapdoor spiders (D:11)
  2 hungry ghosts
  58 yaks
  3 deep elf magi
  3 hogs (D:14)
  8 vampire mosquitoes (D:14)
  A ynoxinul (Orc:4)
  3 shadows
  23 wolves
  6 hippogriffs
  2 wargs
  5 porcupines
  A wasp (D:11)
  2 eyes of draining (D:9)
  16 water moccasins
  43 orc warriors
  10 ogres
  3 sky beasts
  A black bear (D:11)
  A phantom (D:10)
  6 ice beasts
  A necrophage (D:10)
  2 boring beetles
  15 centaurs
  6 big kobolds
  A brain worm (D:14)
  5 crocodiles
  2 water moccasin zombies (Ossuary)
  22 giant frogs
  A scorpion (D:8)
  5 wights (D:14)
  2 wyvern skeletons
  28 killer bees
  An electric eel (Lair:4)
  3 goliath beetles
  8 crimson imps
  A giant frog zombie (D:6)
  4 jellies
  A quasit (D:11)
  36 orc priests
  7 centaur skeletons
  19 hounds
  An iron imp (D:13)
  2 giant frog skeletons
  2 iguanas
  13 worker ants
  Natasha (thrice) (D:4)
  47 orc wizards
  5 hell rats (Lair:5)
  4 big kobold zombies (Ossuary)
  A killer bee zombie (D:10)
  19 sheep
  3 hound zombies
  A hound skeleton (D:11)
  2 mummies (Ossuary)
  4 gnolls (D:6)
  16 adders
  16 river rats (Lair:8)
  2 worker ant zombies
  6 shadow imps
  4 white imps
  A worm (D:5)
  2 adder skeletons
  5 adder zombies (Ossuary)
  5 oozes (D:8)
  207 orcs
  A bat skeleton (D:5)
  A bat zombie (D:6)
  5 giant cockroaches
  2 gnoll zombies (Ossuary)
  20 goblins
  19 hobgoblins
  A jackal (D:11)
  15 quokkas
  A ball python (D:6)
  14 bats
  6 giant geckos
  2 giant newts
  A giant spore (D:8)
  6 hobgoblin zombies (Ossuary)
  21 kobolds
  4 kobold zombies (Ossuary)
  6 orc skeletons (Orc:4)
  6 orc zombies
  14 rats
  2 ballistomycetes
  A fungus (D:1)
  A plant (Lair:8)
1057 creatures vanquished.

Vanquished Creatures (collateral kills)
  Rupert (D:14)
  A centaur warrior (D:14)
  A centaur skeleton (D:14)
  2 ravens (D:14)
5 creatures vanquished.

Vanquished Creatures (others)
  An Executioner (D:14)
  A centaur (D:14)
  A giant spore (D:9)
  5 ballistomycetes (D:9)
  19 fungi
  11 plants
38 creatures vanquished.

Grand Total: 1100 creatures vanquished

Notes
Turn   | Place    | Note
--------------------------------------------------------------
     0 | D:1      | magipi, the Ghoul Gladiator, began the quest for the Orb.
     0 | D:1      | Reached XP level 1. HP: 17/17 MP: 1/1
   228 | D:1      | Reached XP level 2. HP: 15/23 MP: 2/2
   250 | D:1      | Reached skill level 3 in Axes
   464 | D:2      | Found a stormy altar of Qazlal.
   641 | D:1      | Reached XP level 3. HP: 29/29 MP: 3/3
  1068 | D:3      | Reached skill level 4 in Axes
  1068 | D:3      | Reached XP level 4. HP: 32/36 MP: 3/3
  1250 | D:3      | Found a snail-covered altar of Cheibriados.
  1309 | D:3      | Found a basalt altar of Yredelemnul.
  1361 | D:3      | Found an opulent altar of Gozag.
  1490 | D:3      | Found a white marble altar of Elyvilon.
  1580 | D:4      | Reached XP level 5. HP: 37/41 MP: 4/4
  1654 | D:4      | Noticed Charly's ghost (weakling DDBe)
  1703 | D:4      | Found a sand-covered staircase.
  1706 | Ossuary  | Entered an ossuary
  1724 | Ossuary  | Reached skill level 5 in Axes
  1817 | Ossuary  | Reached skill level 6 in Axes
  1817 | Ossuary  | Reached XP level 6. HP: 17/48 MP: 5/5
  2162 | D:4      | Noticed Natasha
  2170 | D:4      | Killed Natasha
  2246 | D:4      | Noticed Natasha
  2256 | D:4      | Killed Natasha
  2311 | D:4      | Noticed Natasha
  2319 | D:4      | Killed Natasha
  2373 | D:4      | Reached XP level 7. HP: 55/55 MP: 5/5
  2401 | D:4      | Reached skill level 7 in Axes
  2471 | D:4      | Found a staircase to the Ecumenical Temple.
  2548 | Temple   | Entered the Ecumenical Temple
  2822 | D:5      | Entered Level 5 of the Dungeon
  2946 | D:5      | Found a sparkling altar of Nemelex Xobeh.
  2968 | D:5      | Found a shadowy altar of Dithmenos.
  3251 | D:5      | Reached skill level 8 in Axes
  3367 | D:5      | Reached XP level 8. HP: 61/63 MP: 6/6
  3603 | D:6      | Found Okuxkemp's General Store.
  3612 | D:6      | Bought a wand of invisibility (3) for 84 gold pieces
  3612 | D:6      | Bought a scroll of identify for 24 gold pieces
  3756 | D:6      | Found Veitip's Gadget Shoppe.
  3837 | D:6      | Found a sacrificial altar of Ru.
  3967 | D:6      | Found Zuceaq's Antique Weapon Boutique.
  4155 | D:6      | Reached skill level 5 in Fighting
  4155 | D:6      | Reached skill level 9 in Axes
  4247 | D:6      | Found a radiant altar of Vehumet.
  4249 | D:6      | Found a shattered altar of Ashenzari.
  4249 | D:6      | Found a burning altar of Makhleb.
  4318 | D:6      | Became a worshipper of Makhleb the Destroyer
  4495 | D:6      | Reached XP level 9. HP: 43/75 MP: 7/7
  4826 | D:7      | Acquired Makhleb's first power
  4903 | D:7      | Reached skill level 1 in Armour
  5610 | D:8      | Reached skill level 10 in Axes
  5669 | D:8      | Acquired Makhleb's second power
  6280 | D:8      | Reached XP level 10. HP: 81/81 MP: 7/7
  6300 | D:8      | Reached skill level 5 in Armour
  6428 | D:9      | Acquired Makhleb's third power
  6428 | D:9      | Reached skill level 11 in Axes
  6677 | D:9      | Reached skill level 1 in Evocations
  6973 | D:9      | Acquired Makhleb's fourth power
  7083 | D:9      | Learned a level 4 spell: Control Undead
  7122 | D:9      | Reached skill level 1 in Necromancy
  7122 | D:9      | Reached XP level 11. HP: 89/89 MP: 16/16
  7300 | D:10     | Entered Level 10 of the Dungeon
  7347 | D:10     | Found a staircase to the Lair.
  7390 | D:10     | Reached skill level 5 in Evocations
  8274 | D:11     | Acquired Makhleb's fifth power
  8293 | D:11     | Found a staircase to the Orcish Mines.
  8302 | Orc:1    | Entered Level 1 of the Orcish Mines
  8325 | Orc:1    | Found Naishylo's General Store.
  8334 | Orc:1    | Bought a potion of heal wounds for 65 gold pieces
  8334 | Orc:1    | Bought a wand of lightning (9) for 169 gold pieces
  8334 | Orc:1    | Bought a wand of draining (4) for 104 gold pieces
  8474 | Orc:1    | You fall through a shaft!
  9031 | Orc:3    | Found Zyaf's Distillery.
  9038 | Orc:3    | Bought a potion of heal wounds for 70 gold pieces
  9356 | Orc:4    | Entered Level 4 of the Orcish Mines
  9393 | Orc:4    | Noticed an orc knight
  9397 | Orc:4    | Noticed Donald
  9409 | Orc:4    | Noticed an orc high priest
  9504 | Orc:3    | Noticed Charly's ghost (experienced DDBe)
  9607 | Orc:2    | Noticed Joseph
  9617 | Orc:2    | Killed Joseph
  9667 | Orc:2    | Reached skill level 5 in Necromancy
 10174 | Orc:3    | Found a roughly hewn altar of Beogh.
 10203 | Orc:4    | Noticed an orc high priest
 10214 | Orc:3    | Killed an orc high priest
 10349 | Orc:4    | Found an iron altar of Okawaru.
 10381 | Orc:4    | Noticed an orc knight
 10396 | Orc:4    | Noticed an orc knight
 10397 | Orc:4    | Noticed an orc warlord
 10467 | Orc:4    | HP: 2/89 [Donald/scimitar of flaming (4)]
 10797 | Orc:4    | Paralysed by an orc sorcerer for 4 turns
 10807 | Orc:4    | Reached XP level 12. HP: 85/96 MP: 16/22
 10837 | Orc:4    | Killed an orc knight
 11127 | Orc:4    | Killed an orc high priest
 11473 | Orc:4    | Noticed a stone giant
 11765 | D:11     | Noticed a hill giant
 11769 | D:11     | Killed a hill giant
 12124 | D:11     | Killed an unseen horror
 12277 | D:11     | Got a faintly glowing chain mail
 12288 | D:11     | Identified the +0 chain mail of Hubiliuph {rElec rPois rC+} (You found it on level 11 of the Dungeon)
 12311 | D:11     | Reached skill level 10 in Evocations
 12784 | D:12     | Reached XP level 13. HP: 90/102 MP: 17/25
 12865 | D:11     | Reached skill level 10 in Necromancy
 13083 | D:13     | Found Qylausch's Antique Armour Shoppe.
 13092 | D:13     | Bought a glowing chain mail for 112 gold pieces
 13490 | D:13     | Noticed Ijustatesigmund's ghost (powerful OpWz)
 13571 | D:13     | Reached skill level 1 in Invocations
 13613 | D:13     | Killed Ijustatesigmund's ghost
 13852 | D:14     | Found a gate to the Vaults.
 13866 | D:13     | Reached skill level 5 in Invocations
 13917 | D:14     | Found a frozen archway.
 13949 | IceCv    | Entered an ice cave
 14201 | IceCv    | Noticed Azhtabak's ghost (powerful HOTm)
 14347 | D:14     | Noticed Sonja
 14432 | D:14     | Identified a scroll of acquirement
 14496 | D:14     | Noticed Rupert
 14534 | D:13     | Killed Sonja
 14763 | Lair:1   | Entered Level 1 of the Lair of Beasts
 14790 | Lair:1   | Reached skill level 10 in Invocations
 14895 | Lair:1   | Reached XP level 14. HP: 110/110 MP: 27/27
 15096 | Lair:1   | Got a heavily runed glass ring
 15098 | Lair:1   | Identified the ring "Issupnel" {+Inv rElec rN++ MR+ Dex-2 SInv} (You found it on level 1 of the Lair of Beasts)
 16009 | Lair:2   | Found a blossoming altar of Fedhas.
 16333 | Lair:3   | Reached skill level 12 in Axes
 16371 | Lair:3   | Got a translucent ring mail
 16382 | Lair:3   | Identified the cursed +0 ring mail of Least Resistance {Slay+4 SInv} (You found it on level 3 of the Lair of Beasts)
 16430 | Lair:3   | Learned a level 1 spell: Apportation
 16433 | Lair:3   | Learned a level 2 spell: Blink
 16438 | Lair:3   | Learned a level 4 spell: Control Teleport
 16579 | Lair:4   | Found a staircase to the Shoals.
 16927 | Lair:5   | You fall through a shaft for 2 floors!
 16941 | Lair:7   | Got a slimy war axe
 17022 | Lair:6   | Found a viscous altar of Jiyva.
 17022 | Lair:6   | Found a staircase to the Slime Pits.
 17072 | Lair:6   | Found a hole to the Spider Nest.
 18046 | Lair:6   | Reached skill level 10 in Fighting
 18352 | Lair:7   | Reached skill level 13 in Axes
 18398 | Lair:7   | Reached XP level 15. HP: 124/126 MP: 22/28
 18515 | Lair:8   | Entered Level 8 of the Lair of Beasts
 19041 | Lair:8   | Reached skill level 14 in Axes
 19177 | Lair:8   | Reached skill level 10 in Armour
 19751 | Lair:3   | Noticed Erica
 19947 | Orc:3    | Killed Charly's ghost
 19947 | Orc:3    | Reached skill level 1 in Translocations
 20020 | Orc:3    | Killed Donald
 20218 | Orc:4    | Killed an orc knight
 20270 | Orc:4    | Killed an orc knight
 20317 | Orc:4    | Found a roughly hewn altar of Beogh.
 20343 | Orc:4    | Killed an orc warlord
 20424 | Orc:4    | Found Phubug's Book Shoppe.
 20481 | Orc:4    | Found Rehaomm's Antique Weapon Shoppe.
 20488 | Orc:4    | Bought a glowing blowgun for 97 gold pieces
 20492 | Orc:4    | Identified the +2 war axe of Scorn {chop, rF+ rN+ Stlth+} (You found it on level 7 of the Lair of Beasts)
 20514 | Orc:4    | Found Vuetamiu's General Store.
 20521 | Orc:4    | Bought a potion of agility for 44 gold pieces
 20530 | Orc:4    | Found Cheisez's Antique Armour Shoppe.
 20537 | Orc:4    | Bought a fine chain mail for 237 gold pieces
 20537 | Orc:4    | Bought a runed helmet for 112 gold pieces
 20537 | Orc:4    | Bought an ancient cloak for 237 gold pieces
 20537 | Orc:4    | Bought a glowing chain mail for 112 gold pieces
 20553 | Orc:4    | Identified the +0 cloak of Dishonesty {-Cast Contam rN+ Int+7} (You bought it in a shop on level 4 of the Orcish Mines)
 20573 | Orc:4    | Identified the cursed -3 chain mail "Bros" {rN+} (You bought it in a shop on level 4 of the Orcish Mines)
 20632 | Orc:4    | Killed a stone giant
 20723 | Orc:4    | Found a staircase to the Elven Halls.
 21203 | D:14     | Reached XP level 16. HP: 96/134 MP: 17/28
 21389 | D:14     | Reached skill level 5 in Translocations
 21450 | D:14     | Noticed Kirke
 21466 | D:14     | Killed Kirke
 21466 | D:14     | Reached skill level 15 in Axes
 21702 | D:14     | Killed Rupert
 21738 | D:14     | Noticed a crystal guardian
 21763 | D:14     | Killed from afar by a crystal guardian

Action                   |  1- 3 |  4- 6 |  7- 9 | 10-12 | 13-15 | 16-18 || total
-------------------------+-------+-------+-------+-------+-------+-------++-------
Melee: War axe           |    90 |       |       |       |       |       ||    90
       Battleaxe         |    21 |   208 |   436 |   955 |  1220 |   133 ||  2973
       Hand axe          |       |       |       |       |    62 |       ||    62
 Fire: Blowgun           |       |       |    24 |    63 |    61 |     1 ||   149
Throw: Throwing net      |       |     1 |     4 |     2 |       |       ||     7
       Tomahawk          |       |       |       |       |     2 |       ||     2
Invok: Greater Servant o |       |       |       |       |       |     1 ||     1
Evoke: Wand              |       |     1 |     3 |     4 |    27 |       ||    35
  Use: Scroll            |       |    14 |    10 |    20 |    15 |     1 ||    60
       Potion            |       |     3 |       |     7 |     1 |     2 ||    13
 Stab: Held in net/web   |       |       |     1 |     1 |       |       ||     2
       Distracted        |       |       |       |     1 |       |       ||     1
  Eat: Chunk             |    11 |    10 |    42 |   116 |    83 |    12 ||   274

Action                   |  1- 3 |  4- 6 |  7- 9 | 10-12 | 13-15 | 16-18 || total
-------------------------+-------+-------+-------+-------+-------+-------++-------
Melee: War axe           |    90 |       |       |       |       |       ||    90
       Battleaxe         |    21 |   208 |   436 |   955 |  1220 |   133 ||  2973
       Hand axe          |       |       |       |       |    62 |       ||    62
 Fire: Blowgun           |       |       |    24 |    63 |    61 |     1 ||   149
Throw: Throwing net      |       |     1 |     4 |     2 |       |       ||     7
       Tomahawk          |       |       |       |       |     2 |       ||     2
Invok: Greater Servant o |       |       |       |       |       |     1 ||     1
Evoke: Wand              |       |     1 |     3 |     4 |    27 |       ||    35
  Use: Scroll            |       |    14 |    10 |    20 |    15 |     1 ||    60
       Potion            |       |     3 |       |     7 |     1 |     2 ||    13
 Stab: Held in net/web   |       |       |     1 |     1 |       |       ||     2
       Distracted        |       |       |       |     1 |       |       ||     1
  Eat: Chunk             |    11 |    10 |    42 |   116 |    83 |    12 ||   274

Action                   |  1- 3 |  4- 6 |  7- 9 | 10-12 | 13-15 | 16-18 || total
-------------------------+-------+-------+-------+-------+-------+-------++-------
Melee: War axe           |    90 |       |       |       |       |       ||    90
       Battleaxe         |    21 |   208 |   436 |   955 |  1220 |   133 ||  2973
       Hand axe          |       |       |       |       |    62 |       ||    62
 Fire: Blowgun           |       |       |    24 |    63 |    61 |     1 ||   149
Throw: Throwing net      |       |     1 |     4 |     2 |       |       ||     7
       Tomahawk          |       |       |       |       |     2 |       ||     2
Invok: Greater Servant o |       |       |       |       |       |     1 ||     1
Evoke: Wand              |       |     1 |     3 |     4 |    27 |       ||    35
  Use: Scroll            |       |    14 |    10 |    20 |    15 |     1 ||    60
       Potion            |       |     3 |       |     7 |     1 |     2 ||    13
 Stab: Held in net/web   |       |       |     1 |     1 |       |       ||     2
       Distracted        |       |       |       |     1 |       |       ||     1
  Eat: Chunk             |    11 |    10 |    42 |   116 |    83 |    12 ||   274
